Map: Złote Filary ER

Players

ZipperTheFly

  • Race: Terran Terran
  • League: Grandmaster
  • Spawn Location: 7:00

Krystianer - Winner!

  • Race: Protoss Protoss
  • League: Grandmaster
  • Spawn Location: 1:00

Event: DreamHack SC2 Masters 2020 Winter

VOD

Have the link to the VOD?

Description

Time

  • Played on: Oct. 18, 2020, 3:29 p.m.
  • Length: 13:35

All games in this series

Show
View Real Time Build Order
Export as new Build Order

ZipperTheFly Terran 

Build Orders: Reaper Expand 

Get SALT Encoding   

  12  0:00  SCV  
  13  0:12  SCV  
  14  0:17  Supply Depot  
  14  0:24  SCV  
  15  0:39  SCV, Barracks  
  16  0:45  Refinery  
  16  0:51  SCV  
  17  1:03  SCV  
  18  1:15  SCV  
  19  1:28  Orbital Command, Reaper  
  20  1:42  Command Center  
  20  1:52  Supply Depot  
  20  1:54  SCV  
  21  2:00  Marine  
  22  2:06  SCV  
  23  2:10  Factory  
  23  2:18  SCV  
  24  2:23  Bunker  
  24  2:26  Barracks Reactor  
  24  2:30  SCV  
  25  2:37  Refinery  
  25  2:42  SCV  
  26  2:54  SCV  
  26  2:55  Orbital Command  
  26  2:57  Widow Mine  
  29  3:02  Marine x2  
  31  3:06  SCV  
  31  3:07  Starport  
  32  3:18  Factory Tech Lab  
  32  3:20  SCV, Marine x2  
  32  3:25  SCV  
  36  3:30  Supply Depot  
  36  3:34  SCV  
  37  3:37  SCV  
  38  3:46  SCV, Marine  
  38  3:47  Marine, Viking  
  42  3:52  SCV  
  42  3:55  Siege Tank  
  46  3:58  SCV  
  47  4:05  Marine x2  
  47  4:06  SCV  
  50  4:10  SCV, Supply Depot  
  50  4:12  Barracks  
  51  4:20  SCV  
  51  4:22  SCV  
  51  4:23  Barracks  
  53  4:30  Marine  
  53  4:31  Marine  
  54  4:34  SCV x2  
  54  4:36  Refinery  
  56  4:38  Engineering Bay  
  56  4:39  Siege Tank  
  56  4:41  Starport Tech Lab  
  59  4:46  SCV x2  
  61  4:58  SCV  
  62  5:02  Supply Depot  
  62  5:06  Terran Infantry Weapons Level 1  
  62  5:08  Supply Depot  
  62  5:10  Stimpack  
  62  5:16  Starport Reactor  
  62  5:17  Factory Tech Lab  
  62  5:19  Supply Depot, Refinery  
  62  5:21  Combat Shield  
  62  5:23  Marine x2  
  62  5:24  SCV x2  
  62  5:25  Supply Depot  
  66  5:35  Marauder x2  
  70  5:36  SCV x2  
  70  5:42  Supply Depot  
  70  5:43  Marine  
  70  5:44  Marine, Siege Tank  
  70  5:48  SCV  
  70  5:49  SCV  
  77  5:59  Marauder x2  
  77  6:01  Marine x2  
  81  6:04  Medivac x2  
  81  6:08  Supply Depot x2  
  85  6:16  Siege Tank  
  88  6:19  Marine x2  
  88  6:20  Marauder x2  
  94  6:32  Supply Depot  
  94  6:37  Marine x2  
  100  6:42  Marauder x2  
  100  6:45  Command Center  
  100  6:48  Siege Tank  
  100  6:53  Barracks  
  103  6:55  Barracks  
  103  7:03  Terran Infantry Armor Level 1  
  103  7:04  SCV x2, Supply Depot  
  105  7:12  Marauder  
  105  7:14  Marine x2  
  93  7:36  SCV x2  
  93  7:37  Marauder x2, Marine x2  
  79  7:43  Medivac x2  
  82  7:47  Barracks Tech Lab, Factory Reactor  
  82  7:48  SCV, Barracks Reactor  
  83  7:53  SCV  
  83  7:58  Marauder  
  80  8:00  Concussive Shells, SCV  
  77  8:06  SCV, Command Center, Missile Turret, Marine x2  
  77  8:07  Marauder x2  
  77  8:11  Missile Turret  
  77  8:12  SCV  
  85  8:18  SCV  
  86  8:24  SCV  
  86  8:25  Marine x4  
  91  8:29  Ghost Academy  
  91  8:30  SCV  
  92  8:35  Marauder x2  
  92  8:36  Widow Mine x2, SCV  
  74  8:41  Medivac  
  101  8:42  Medivac  
  101  8:48  Marine x3  
  107  8:50  Marine  
  107  8:52  SCV  
  107  8:53  SCV  
  111  9:03  Ghost x2  
  115  9:10  Starport  
  115  9:12  Marine x3  
  115  9:14  Marine  
  119  9:25  SCV x2  
  121  9:31  Missile Turret, Viking x2  
  125  9:38  Ghost  
  127  9:46  Enhanced Shockwaves  
  127  9:49  Orbital Command  
  127  9:53  Missile Turret  
  127  9:56  Viking  
  127  9:57  Viking  
  131  10:09  Marine x4  
  131  10:11  Viking x2  
  138  10:17  Supply Depot  
  138  10:19  Supply Depot  
  138  10:25  SCV x2  
  138  10:26  Viking  
  138  10:27  Viking  
  144  10:30  Supply Depot x2  
  143  10:36  SCV  
  143  10:37  SCV, Missile Turret  
  142  10:47  Viking x2  
  142  10:48  Marine x2, Ghost  
  150  10:50  Marauder x2  
  108  11:08  Marine  
  108  11:10  Ghost  
  108  11:11  Marine x3, Marauder  
  97  11:12  SCV x2  
  97  11:13  Medivac x2  
  108  11:23  Ghost  
  105  11:37  Marine  
  105  11:38  Marine  
  104  11:47  Ghost  
  104  11:52  Marine x2  
  107  11:59  Marine x2  
  109  12:05  SCV  
  109  12:17  Marine  
  109  12:18  Marine  
  109  12:19  Marauder x2  
  109  12:20  Marauder  
  109  12:21  Marine  
  118  12:30  Marine  
  116  12:38  Marine x2  
  84  13:07  Marine x3  
  84  13:12  Marine x4  
Show
View Real Time Build Order
Export as new Build Order

Krystianer Protoss - Winner!

Build Orders: 1 Gate Expand, Colossus Rush 

Get SALT Encoding   

  12  0:00  Probe  
  13  0:12  Probe  
  14  0:17  Pylon  
  14  0:24  Probe (Chrono Boost)  
  15  0:36  Probe (Chrono Boost)  
  15  0:37  Gateway  
  16  0:44  Probe (Chrono Boost)  
  16  0:47  Assimilator  
  17  0:50  Probe  
  18  1:03  Probe  
  19  1:15  Probe  
  20  1:24  Nexus  
  20  1:34  Cybernetics Core  
  20  1:37  Probe  
  21  1:44  Assimilator  
  21  1:49  Probe  
  21  1:53  Pylon  
  22  2:01  Probe  
  22  2:08  Adept (Chrono Boost)  
  23  2:13  Probe  
  26  2:18  Robotics Facility  
  26  2:20  Warp Gate  
  26  2:26  Probe (Chrono Boost)  
  27  2:33  Stalker  
  29  2:37  Probe (Chrono Boost)  
  30  2:45  Probe (Chrono Boost)  
  30  2:47  Probe (Chrono Boost)  
  32  2:53  Probe (Chrono Boost)  
  32  2:57  Probe (Chrono Boost)  
  33  2:59  Probe (Chrono Boost)  
  33  3:03  Probe (Chrono Boost)  
  33  3:05  Robotics Bay  
  35  3:07  Probe  
  36  3:15  Gateway, Probe  
  37  3:23  Warp Prism (Chrono Boost)  
  39  3:30  Probe  
  39  3:31  Probe  
  41  3:34  Pylon  
  41  3:43  Probe  
  41  3:44  Probe  
  43  3:49  Colossus (Chrono Boost)  
  43  3:54  Gravitic Drive  
  47  3:57  Assimilator  
  47  4:00  Probe  
  47  4:01  Probe  
  49  4:07  Pylon  
  49  4:13  Stalker x2  
  49  4:16  Probe  
  54  4:23  Pylon  
  54  4:25  Probe  
  54  4:28  Probe  
  56  4:36  Observer  
  57  4:43  Nexus  
  57  4:44  Twilight Council  
  57  4:46  Forge  
  57  4:50  Probe  
  58  4:54  Gateway  
  58  4:56  Probe  
  59  5:05  Pylon  
  59  5:06  Colossus (Chrono Boost)  
  51  5:11  Protoss Ground Armor Level 1 (Chrono Boost), Probe  
  51  5:13  Probe  
  59  5:17  Charge (Chrono Boost)  
  59  5:24  Gateway  
  59  5:27  Probe  
  59  5:28  Probe  
  61  5:29  Observer  
  61  5:35  Gateway  
  61  5:42  Gateway  
  61  5:43  Gateway  
  61  5:45  Probe  
  61  5:46  Probe  
  61  5:48  Observer  
  63  5:54  Stalker x2  
  65  5:57  Probe  
  65  5:59  Probe  
  65  6:08  Dark Shrine  
  65  6:09  Probe  
  66  6:16  Probe  
  67  6:19  Colossus (Chrono Boost), Gateway  
  67  6:21  Gateway  
  73  6:27  Zealot  
  73  6:28  Zealot  
  73  6:30  Probe x2  
  79  6:36  Shield Battery  
  79  6:38  Zealot  
  79  6:39  Sentry  
  83  6:45  Pylon  
  83  6:53  Zealot x4  
  91  6:57  Probe  
  91  6:58  Pylon  
  91  7:00  Photon Cannon  
  92  7:20  Dark Templar x2  
  92  7:21  Zealot x3  
  92  7:22  Observer  
  89  7:30  Probe  
  89  7:33  Zealot  
  89  7:36  Stalker x3  
  90  7:42  Assimilator  
  90  7:45  Probe  
  90  7:46  Assimilator  
  90  7:48  Colossus (Chrono Boost)  
  97  7:56  Probe  
  94  8:03  Zealot x5  
  94  8:05  Probe  
  103  8:06  Probe  
  103  8:08  Probe  
  103  8:12  Dark Templar  
  105  8:14  Blink (Chrono Boost)  
  105  8:23  Observer  
  105  8:25  Pylon  
  105  8:26  Shield Battery  
  105  8:27  Observer, Probe x3  
  108  8:37  Pylon  
  108  8:38  Pylon  
  108  8:40  Pylon  
  108  8:41  Colossus (Chrono Boost)  
  108  8:42  Assimilator  
  114  8:58  Observer  
  114  9:01  Extended Thermal Lance (Chrono Boost)  
  114  9:03  Probe  
  114  9:04  Protoss Ground Weapons Level 1 (Chrono Boost)  
  113  9:10  Nexus  
  113  9:11  Zealot  
  113  9:12  Pylon, Zealot  
  117  9:18  Colossus (Chrono Boost)  
  117  9:21  Probe  
  117  9:22  Observer  
  124  9:28  Stalker x4  
  124  9:29  Zealot  
  124  9:30  Zealot  
  136  9:36  Stalker x2  
  140  9:41  Sentry  
  142  9:46  Probe  
  143  9:55  Pylon  
  143  9:56  Stalker  
  143  9:57  Pylon, Zealot x2  
  147  10:01  Warp Prism (Chrono Boost)  
  149  10:11  Pylon  
  149  10:13  Pylon  
  148  10:19  Zealot x2  
  148  10:20  Zealot x4  
  160  10:25  Dark Templar  
  161  10:31  Observer (Chrono Boost)  
  162  10:37  Templar Archives  
  158  10:46  Zealot x6  
  158  10:47  Zealot  
  158  10:49  Zealot  
  174  10:53  Probe x2  
  174  10:54  Probe  
  146  10:57  Probe  
  112  11:08  Zealot x6  
  106  11:11  Zealot  
  106  11:14  Probe  
  106  11:17  Psionic Storm  
  109  11:18  Zealot  
  111  11:27  Probe  
  111  11:31  Zealot x6  
  116  11:51  High Templar x2  
  116  11:52  High Templar x4, Zealot  
  116  11:53  Zealot x2  
  128  11:59  Probe  
  128  12:00  Immortal (Chrono Boost)  
  131  12:09  Shield Battery  
  131  12:11  Photon Cannon  
  131  12:14  Sentry  
  133  12:20  Robotics Facility  
  133  12:25  Dark Templar x2  
  133  12:26  Zealot x4  
  145  12:41  Zealot x2  
  145  12:42  Zealot  
  145  12:43  Immortal (Chrono Boost)  
  155  12:52  Zealot x4  
  159  13:01  Zealot x2  
  148  13:07  Zealot  
  148  13:10  Zealot x2  
  135  13:13  Archon  
  135  13:14  Zealot x3  
  135  13:18  Zealot  
  135  13:19  Probe  
  130  13:23  Probe  
Tags
 
Add a new tag
Caveats
  • Supply blocks, unpowered buildings, or Contaminate may cause inaccurate times.
  • Supply counts are checked every 10 seconds.